 Dungeon Crawl Stone Soup version 0.29.1-12-g30fa7ad0bf (webtiles) character file.

Game seed: 10386939149185146654

16163 Radix the Geomancer (level 12, -1/72 HPs)
             Began as a Gargoyle Earth Elementalist on Dec 12, 2022.
             Was a Priest of Vehumet.
             Slain by a yak (8 damage)
             ... on level 1 of the Lair of Beasts on Dec 13, 2022.
             The game lasted 02:28:20 (11604 turns).

Radix the Geomancer (Gargoyle Earth Elementalist)  Turns: 11604, Time: 02:28:26

Health: -1/72      AC: 18    Str: 13    XL:     12   Next: 34%
Magic:  3/25       EV: 11    Int: 32    God:    Vehumet [***...]
Gold:   1843       SH: 12    Dex: 10    Spells: 19/29 levels left

rFire   . . .      SeeInvis .   G - +1 whip (flame)
rCold   . . .      Faith    .   k - +2 buckler
rNeg    + . .      Spirit   .   Q - +2 troll leather armour {Snorg}
rPois   ∞          Reflect  +   (no helmet)
rElec   +          Harm     .   (no cloak)
rCorr   .          Rampage  .   M - +0 pair of gloves
Will    .....                   R - +1 pair of boots
Stlth   ++........              P - amulet of reflection
HPRegen 1.02/turn               f - +6 ring of intelligence
MPRegen 0.19/turn               o - +6 ring of intelligence

@: no status effects
A: sickness immunity, AC +8, negative energy resistance 1, electricity
resistance, torment resistance 1, petrification resistance
a: Renounce Religion


You were on level 1 of the Lair of Beasts.
You worshipped Vehumet.
Vehumet was most pleased with you.
You visited 3 branches of the dungeon, and saw 13 of its levels.

You collected 1843 gold pieces.

Inventory:

Hand Weapons
 F - a +4 dire flail
 G - a +1 whip of flaming (weapon)
 O - a -1 demon whip of venom
Armour
 b - a +2 robe of positive energy
 h - a +2 robe of willpower
 k - a +2 buckler (worn)
 M - a +0 pair of gloves (worn)
 Q - a +2 troll leather armour (worn) {Snorg}
 R - a +1 pair of boots (worn)
Magical Staves
 w - a staff of conjuration
Jewellery
 e - an amulet of guardian spirit
 f - a +6 ring of intelligence (left hand)
 o - a +6 ring of intelligence (right hand)
 t - a ring of flight
 y - a +4 ring of evasion
 E - a +6 ring of dexterity
 J - an amulet of the acrobat
 P - an amulet of reflection (around neck)
 U - a +6 ring of strength
 V - a +6 ring of intelligence
Wands
 a - a wand of acid (21)
 m - a wand of polymorph (8)
 B - a wand of mindburst (12)
 H - a wand of paralysis (14)
 I - a wand of iceblast (11)
Scrolls
 d - a scroll of enchant weapon
 i - 7 scrolls of identify
 l - 8 scrolls of teleportation
 p - 2 scrolls of magic mapping
 r - a scroll of brand weapon
 v - 6 scrolls of poison
 x - a scroll of amnesia
 A - 2 scrolls of immolation
 C - a scroll of vulnerability {unknown}
 K - a scroll of enchant armour {unknown}
 L - 3 scrolls of fog
 N - 4 scrolls of fear
 W - a scroll of noise {unknown}
Potions
 c - 2 potions of flight {unknown}
 g - 6 potions of curing
 j - a potion of might {unknown}
 n - 2 potions of lignification {unknown}
 q - 3 potions of brilliance {unknown}
 s - a potion of degeneration {unknown}
 u - a potion of haste {unknown}
 z - a potion of ambrosia {unknown}
 D - a potion of attraction {unknown}
 S - a potion of magic
 T - a potion of berserk rage {unknown}


   Skills:
 + Level 7.6 Fighting
 + Level 7.0 Maces & Flails
 - Level 4.0 Armour
 - Level 1.5 Dodging
 - Level 2.1 Stealth
 - Level 5.4 Shields
 + Level 9.0 Spellcasting
 + Level 9.8 Conjurations
 - Level 0.7 Transmutations
 + Level 11.7 Earth Magic


You had 19 spell levels left.
You knew the following spells:

 Your Spells              Type           Power      Damage    Failure   Level
a - Sandblast             Erth           100%       2d20      1%          1
b - Stone Arrow           Conj/Erth      100%       3d13      1%          3
c - Iron Shot             Conj/Erth      35%        9d7       2%          6

Your spell library contained the following spells:

 Spells                   Type           Power      Damage    Failure   Level
 Flame Wave               Conj/Fire      46%        2d12      1%          4
 Shock                    Conj/Air       100%       1d9       1%          1
 Passwall                 Tmut/Erth      44%        N/A       1%          2
 Iskenderun's Battlesphe  Conj           67%        2d12      1%          5
 Poisonous Vapours        Pois/Air       28%        N/A       2%          2
 Sting                    Tmut/Pois      64%        1d6       4%          1
 Petrify                  Tmut/Erth      53%        N/A       4%          4
 Apportation              Tloc           28%        N/A       5%          1
 Airstrike                Air            7%         2d(1-17)  14%         4
 Olgreb's Toxic Radiance  Pois           14%        N/A       14%         4
 Swiftness                Air            14%        N/A       16%         3
 Alistair's Intoxication  Tmut/Pois      10%        N/A       78%         5
 Spellforged Servitor     Conj/Summ      23%        N/A       80%         7


Dungeon Overview and Level Annotations

Branches:
Dungeon (11/15)            Temple (1/1) D:7            Lair (1/5) D:11
    Orc (0/2) D:9

Altars:
Ashenzari
Cheibriados
Dithmenos
Elyvilon
Fedhas
Gozag
Hepliaklqana
Kikubaaqudgha
Makhleb
Nemelex Xobeh
Okawaru
Qazlal
Ru
Sif Muna
Trog
Uskayaw
Vehumet
Wu Jian
Xom
Yredelemnul
Zin
The Shining One

Shops:
D:8 :

Annotations:
D:8 2 transporters, CBASSkasper's ghost, novice GnWn; Maggie
Temple 2 transporters


Innate Abilities, Weirdness & Mutations

You are immune to sickness and miasma.
Your stone body is resilient. (AC +8)
You are immune to poison.
You resist negative energy. (rN+)
You are resistant to electric shocks. (rElec)
You are resistant to unholy torment.
You are immune to petrification.


Message History

The yak closely misses you.
Casting: Sandblast (safe; 1% risk of failure)
Confirm with . or Enter, or press ? or * to list all spells.
Aiming: Sandblast (safe; 1% risk of failure)
Press: ? - help, Shift-Dir - straight line, f/p - yak
Aim: a yak (severely wounded, 91% to hit)
The blast of sand misses the yak.
The yak snorts and paws the ground.
The yak gores you! The yak closely misses you. You block the yak's attack.
Casting: Sandblast (safe; 1% risk of failure)
Confirm with . or Enter, or press ? or * to list all spells.
Aiming: Stone Arrow (safe; 1% risk of failure)
Press: ? - help, Shift-Dir - straight line, f/p - yak
Aim: a yak (severely wounded, 87% to hit)
The stone arrow hits the yak!!
You kill the yak!
Vehumet accepts your kill.
You feel your power returning. The yak gores you. You block the yak's attack.
Your Maces & Flails skill increases to level 7!
Your Spellcasting skill increases to level 9!
You hit the yak. You burn the yak.
The yak is lightly wounded.
The yak gores you but does no damage. The yak gores you.
Casting: Stone Arrow (safe; 1% risk of failure)
Confirm with . or Enter, or press ? or * to list all spells.
Aiming: Sandblast (safe; 1% risk of failure)
Press: ? - help, Shift-Dir - straight line, f - yak
Aim: a yak (lightly wounded, 91% to hit)
The blast of sand hits the yak!!
The yak is severely wounded.
The yak gores you! x2
* * * LOW HITPOINT WARNING * * *
You block the yak's attack. x2
The yak gores you.
* * * LOW HITPOINT WARNING * * *
The yak gores you!
* * * LOW HITPOINT WARNING * * *
There is a stone staircase leading down here.
You block the yak's attack. The yak gores you!
You die...

#....## ######
##....######.##P####
#..................
#..........(.......
#..................
#...#####.#P#######
##...## #####
#..YY†# ##.@.##
#...# #.....
#....... #.....$...
....P##### ##...##
#...#


You could see 2 yaks.

Vanquished Creatures
  Snorg (D:10)
  A boulder beetle (D:11)
  Amaemon (D:8)
  Lodul (D:11)
  Pikel (D:7)
  A black mamba (Lair:1)
  An orange demon (D:8)
  2 rime drakes (Lair:1)
  A kobold demonologist (D:10)
  2 komodo dragons (D:10)
  A troll (D:11)
  3 blink frogs (Lair:1)
  2 wraiths (D:10)
  2 shadows
  23 yaks
  Eustachio (D:5)
  3 vampires
  4 wyverns
  A basilisk (D:11)
  2 steam dragons
  A warg (D:9)
  5 water moccasins
  3 orc warriors
  2 ice beasts (D:7)
  6 black bears
  2 wolves (D:11)
  6 ogres (D:11)
  2 centaurs
  2 kobold brigands
  2 necrophages
  4 bullfrogs
  2 gnoll sergeants
  2 scorpions
  7 wights
  11 killer bees (D:9)
  2 howler monkeys (D:10)
  4 hounds
  A jelly (D:6)
  7 orc priests
  A gnoll bouda (D:7)
  12 iguanas
  5 orc wizards
  17 gnolls
  5 adders
  2 white imps
  3 worms (D:3)
  29 orcs
  7 bats
  4 endoplasms
  7 giant cockroaches
  2 goblins (D:1)
  7 hobgoblins
  3 quokkas
  5 ball pythons
  7 frilled lizards
  22 kobolds
  7 rats
270 creatures vanquished.

Vanquished Creatures (others)
  A bush (D:11)
  2 fungi (D:11)
  21 plants
24 creatures vanquished.

Grand Total: 294 creatures vanquished

Notes
Turn   | Place    | Note
-------+----------+-------------------------------------------
     0 | D:1      | Radix the Gargoyle Earth Elementalist began the quest for
                  | the Orb.
     0 | D:1      | Reached XP level 1. HP: 10/10 MP: 3/3
   119 | D:1      | Reached XP level 2. HP: 15/15 MP: 1/5
   132 | D:1      | Reached skill level 4 in Earth Magic
   571 | D:2      | Found an iron altar of Okawaru.
   636 | D:2      | Reached XP level 3. HP: 19/19 MP: 3/6
   848 | D:2      | Found a faded altar of an unknown god.
  1436 | D:2      | Learned a level 3 spell: Stone Arrow
  1459 | D:3      | Reached XP level 4. HP: 24/24 MP: 2/8
  1718 | D:3      | Reached skill level 5 in Earth Magic
  2145 | D:4      | You fall into a shaft and drop 1 floor!
  2145 | D:5      | Entered Level 5 of the Dungeon
  2145 | D:5      | Found a glowing silver altar of Zin.
  2155 | D:5      | Found a shadowy altar of Dithmenos.
  2339 | D:4      | Noticed a scorpion
  2342 | D:4      | Reached skill level 1 in Conjurations
  2342 | D:4      | Reached XP level 5. HP: 28/28 MP: 8/10
  2468 | D:4      | Reached XP level 6. HP: 8/32 MP: 0/11
  2923 | D:4      | Reached skill level 6 in Earth Magic
  2951 | D:4      | Found a basalt altar of Yredelemnul.
  3660 | D:5      | Reached XP level 7. HP: 17/36 MP: 4/13
  3814 | D:5      | Found a sparkling altar of Nemelex Xobeh.
  4132 | D:5      | Noticed Eustachio
  4137 | D:5      | Killed Eustachio
  4138 | D:5      | Reached skill level 5 in Spellcasting
  4138 | D:5      | Reached skill level 7 in Earth Magic
  4394 | D:5      | Found a shimmering blue altar of Sif Muna.
  4543 | D:6      | Reached XP level 8. HP: 41/41 MP: 13/15
  4937 | D:6      | Reached skill level 5 in Conjurations
  4957 | D:6      | Reached skill level 8 in Earth Magic
  5587 | D:7      | Found a staircase to the Ecumenical Temple.
  5597 | D:7      | Reached XP level 9. HP: 42/45 MP: 9/18
  5605 | Temple   | Entered the Ecumenical Temple
  5605 | Temple   | Found a transporter.
  5605 | Temple   | Found a transporter.
  5607 | Temple   | Found a transporter.
  5607 | Temple   | Found a transporter.
  5635 | Temple   | Became a worshipper of Vehumet
  5720 | D:7      | Noticed Pikel
  5729 | D:7      | Killed Pikel
  5730 | D:7      | Reached skill level 9 in Earth Magic
  6189 | D:7      | Found a glowing golden altar of the Shining One.
  6242 | D:7      | Found a hazy altar of Hepliaklqana.
  6255 | D:7      | Learned a level 6 spell: Iron Shot
  6378 | D:8      | Reached * piety under Vehumet
  6378 | D:8      | Offered knowledge of Magic Dart by Vehumet.
  6388 | D:8      | Noticed Maggie
  6399 | D:8      | Reached skill level 10 in Earth Magic
  6413 | D:8      | Found Deotaque's Book Boutique.
  6575 | D:8      | Reached XP level 10. HP: 33/50 MP: 11/21
  6777 | D:8      | Noticed Amaemon
  6777 | D:8      | Noticed an orange demon
  6900 | D:8      | Killed an orange demon
  7023 | D:8      | Killed Amaemon
  7024 | D:8      | Reached skill level 11 in Earth Magic
  7082 | D:8      | Found a transporter.
  7099 | D:8      | Found a transporter.
  7106 | D:8      | Found a bloodstained altar of Trog.
  7106 | D:8      | Noticed CBASSkasper's ghost (novice GnWn)
  7107 | D:8      | Noticed a moth of wrath
  7670 | D:9      | Found a staircase to the Orcish Mines.
  7676 | D:9      | Offered knowledge of Static Discharge by Vehumet.
  7683 | D:9      | Reached ** piety under Vehumet
  7793 | D:9      | Found a burning altar of Makhleb.
  7812 | D:9      | Reached skill level 1 in Fighting
  7814 | D:9      | Reached skill level 1 in Maces & Flails
  7904 | D:9      | Found a stormy altar of Qazlal.
  8261 | D:9      | Reached skill level 1 in Shields
  8734 | D:10     | Entered Level 10 of the Dungeon
  8738 | D:10     | Noticed Snorg
  8743 | D:10     | Killed Snorg
  8744 | D:10     | Reached XP level 11. HP: 46/60 MP: 4/23
  9528 | D:10     | Reached skill level 5 in Fighting
  9899 | D:10     | Identified a scroll of acquirement
  9900 | D:10     | Acquired 806 gold pieces
  9919 | D:11     | Noticed Lodul
  9924 | D:11     | Reached skill level 5 in Shields
  9927 | D:11     | Killed Lodul
  9928 | D:11     | Reached skill level 5 in Maces & Flails
  9939 | D:11     | Offered knowledge of Ignite Poison by Vehumet.
 10132 | D:11     | Reached skill level 1 in Armour
 10137 | D:11     | Reached *** piety under Vehumet
 10504 | D:11     | Found a staircase to the Lair.
 10583 | D:11     | Noticed a boulder beetle
 10594 | D:11     | Killed a boulder beetle
 10595 | D:11     | Reached XP level 12. HP: 71/71 MP: 5/24
 11111 | Lair:1   | Entered Level 1 of the Lair of Beasts
 11117 | Lair:1   | Offered knowledge of Flame Wave by Vehumet.
 11604 | Lair:1   | Slain by a yak

Illustrated notes

Levels and vault maps discovered:
D:1:      dpeg_arrival_tiny_i, layout_rooms, skrybe_limestone_x,
          minmay_lizard_king
D:2:      layout_basic, basic_altar, hellmonk_ecumenical_altar_lost_god,
          minmay_worlds_worst_comb
D:3:      layout_loops_ring
D:4:      layout_gridville, lemuel_coloured_pillars_altar
D:5:      layout_basic, zin_academy, old_standard_altar,
          mainiacjoe_overflow_paths, lemuel_tele_altar, uniq_eustachio
D:6:      layout_loops_corners
D:7:      layout_rooms, tso_metal_star, lemuel_crystal_altar,
          minmay_temple_entry_waves, st_stairs_1, uniq_pikel
D:8:      layout_rooms, gammafunk_ghost_wrathful_warriors, serial_shops,
          nicolae_shop_hallway_stairs, minmay_misc_feat_rugged, uniq_maggie,
          uniq_amaemon
D:9:      layout_loops_ring, amcnicky_altar_gilded,
          nicolae_qazlal_general_emergency, david_orc_3
D:10:     layout_basic, uniq_snorg
D:11:     layout_rooms, minmay_lair_entry_grove, uniq_lodul
Temple:   hellmonk_temple_divided_pantheon
Lair:1:   layout_long_grid, fungi_pond_lemuel

Skill      XL: |  1  2  3  4  5  6  7  8  9 10 11 12 |
---------------+-------------------------------------+-----
Earth Magic    | 4 5 6 7 8 10 11 | 11.7
Spellcasting   | 3 4 5 6 7 8 9 |  9.0
Conjurations   | 1 2 3 4 6 8 9 |  9.8
Fighting       | 3 6 7 |  7.6
Maces & Flails | 3 6 7 |  7.0
Shields        | 3 5 |  5.4
Armour         | 3 4 |  4.0
Dodging        | |  1.5
Stealth        | |  2.1
Transmutations | |  0.7

Action                   |  1- 3 |  4- 6 |  7- 9 | 10-12 || total
-------------------------+-------+-------+-------+-------++-------
Melee: Unarmed           |    17 |     1 |       |       ||    18
       Punch             |     1 |       |       |       ||     1
       Staff             |       |    26 |       |       ||    26
       Whip              |       |     2 |       |    89 ||    91
       Flail             |       |    32 |    17 |       ||    49
       Dire flail        |       |       |    53 |    48 ||   101
 Cast: Sandblast         |    40 |    58 |    61 |   107 ||   266
       Stone Arrow       |     1 |    11 |    40 |   117 ||   169
       Iron Shot         |       |       |       |    23 ||    23
  Use: Potion            |       |     1 |     2 |     2 ||     5
       Scroll            |       |       |     1 |    14 ||    15
 Stab: Sleeping          |     2 |       |     1 |       ||     3
Armor: Robe              |    11 |    50 |    58 |    39 ||   158
       Troll leather arm |       |       |       |    42 ||    42
Dodge: Dodged            |    25 |    63 |   107 |   168 ||   363
Block: Other             |       |       |       |    19 ||    19
       Buckler           |       |       |       |   107 ||   107
       Reflection        |       |       |       |     7 ||     7
